 Dungeon Crawl Stone Soup version 0.18.1-50-g88ac8fd (webtiles) character file.

58 Drunkenshrew the Firebug (level 3, -1/29 HPs)
             Began as a Draconian Fire Elementalist on Oct 4, 2016.
             Slain by a giant frog (3 damage)
             ... on level 3 of the Dungeon.
             The game lasted 00:06:59 (1820 turns).

Drunkenshrew the Firebug (DrFE)                     Turns: 1820, Time: 00:07:00

Health: -1/29      AC:  5    Str: 10    XL:     3   Next: 76%
Magic:  6/6        EV: 11    Int: 16    God:
Gold:   51         SH:  3    Dex: 14    Spells: 1 memorised, 5 levels left

rFire  . . .     SeeInvis .     p - +0 war axe
rCold  . . .     Gourm    .     (armour unavailable)
rNeg   . . .     Faith    .     l - +0 buckler
rPois  .         Spirit   .     (helmet restricted)
rElec  .         Dismiss  .     (no cloak)
rCorr  .         Reflect  .     (no gloves)
SustAt .         Harm     .     (no boots)
MR     .....                    (no amulet)
Stlth  ++........               (no ring)
                                c - +3 ring of dexterity

@: not resistant to hostile enchantments, unstealthy
A: unfitting armour, cold-blooded, AC +5
a: no special abilities


You were on level 3 of the Dungeon.
You were very hungry.

You visited 1 branch of the dungeon, and saw 3 of its levels.

You collected 51 gold pieces.

Inventory:

Hand Weapons
 p - a +0 war axe (weapon)
Armour
 l - a +0 buckler (worn)
Jewellery
 c - a +3 ring of dexterity (left hand)
Scrolls
 e - 2 scrolls of fog {unknown}
 f - 5 scrolls of remove curse {unknown}
 i - a scroll of blinking {unknown}
 m - 3 scrolls of immolation {unknown}
 o - a scroll of magic mapping {unknown}
 q - a scroll of noise {unknown}
 s - a scroll of random uselessness {unknown}
Potions
 d - a potion of ambrosia {unknown}
 h - a potion of might {unknown}
 n - a potion of brilliance {unknown}
 r - a potion of heal wounds {unknown}
Books
 a - a book of Flames

   Spells                             Type                      Level
   a - Flame Tongue                   Conjuration/Fire             1
   b - Throw Flame                    Conjuration/Fire             2
   c - Conjure Flame                  Conjuration/Fire             3
   d - Inner Flame                    Hexes/Fire                   3
   e - Sticky Flame                   Conjuration/Fire             4
   f - Fireball                       Conjuration/Fire             5
Comestibles
 b - a bread ration
 g - a meat ration
 j - 3 fruits
 k - a beef jerky


   Skills:
 + Level 2.1 Fighting
 + Level 0.0 Axes
 - Level 2.0 Dodging
 - Level 2.1 Stealth
 * Level 0.2 Shields
 - Level 2.0 Spellcasting
 - Level 2.4 Conjurations
 - Level 3.0 Fire Magic


You had 5 spell levels left.
You knew the following spells:

 Your Spells              Type           Power        Failure   Level  Hunger
a - Flame Tongue          Conj/Fire      ##...        12%         1    #......


Dungeon Overview and Level Annotations

Branches:
Dungeon (3/15)

Altars:
Fedhas
Nemelex Xobeh


Innate Abilities, Weirdness & Mutations

Your plain brown scales are hard (AC +5).
Your body does not fit into most forms of armour.
You are cold-blooded and may be slowed by cold attacks.


Message History

You miss the giant frog.
The giant frog is lightly wounded.
You are feeling very hungry.
You block the giant frog's attack. The giant frog hits you.
You closely miss the giant frog.
The giant frog is lightly wounded.
The giant frog barely misses you.
The giant frog hits you but does no damage.
You hit the giant frog.
The giant frog is lightly wounded.
The giant frog hits you. x2
You slash the giant frog!
The giant frog is heavily wounded.
The giant frog hits you. The giant frog hits you!
* * * LOW HITPOINT WARNING * * *
You block the giant frog's attack.
You closely miss the giant frog.
The giant frog is heavily wounded.
The giant frog hits you.
You die...

#### ..# #.#
###F#####.##
#..@...$...#
#.#..####.#.
# #.........
#...###...
#.#.# #.#.##
#.#..#
#.##.##
#.##..#..##


You could see a giant frog.

Vanquished Creatures
  An adder (D:2)
  2 worms (D:2)
  A dart slug (D:2)
  A giant gecko (D:1)
  3 goblins
  3 hobgoblins
  7 jackals (D:2)
  6 kobolds
  A ball python (D:1)
  4 bats
  6 giant newts
  5 rats
40 creatures vanquished.

Notes
Turn   | Place    | Note
--------------------------------------------------------------
     0 | D:1      | Drunkenshrew the Draconian Fire Elementalist began the quest for the Orb.
     0 | D:1      | Reached XP level 1. HP: 14/14 MP: 3/3
   187 | D:1      | Reached XP level 2. HP: 19/22 MP: 0/5
   282 | D:1      | Reached skill level 1 in Fighting
   869 | D:2      | Reached XP level 3. HP: 17/29 MP: 0/6
  1318 | D:2      | Found a blossoming altar of Fedhas.
  1474 | D:2      | Found a sparkling altar of Nemelex Xobeh.
  1808 | D:3      | Noticed a giant frog
  1820 | D:3      | Slain by a giant frog

Skill      XL: |  1  2  3 |
---------------+----------+-----
Dodging        | 2 |  2.0
Stealth        | 2 |  2.1
Fighting       | 2 |  2.1
Conjurations   | 2 |  2.4
Shields        | |  0.2
Spellcasting   | |  2.0
Fire Magic     | |  3.0

Action                   || total
-------------------------++-------
Melee: Unarmed           ||    39
       Tailslap          ||     2
       War axe           ||    18
 Cast: Flame Tongue      ||    61
  Eat: Chunk             ||     3
Armor: Skin              ||    30
Dodge: Dodged            ||    61
Block: Buckler           ||     6
